 Dungeon Crawl Stone Soup version 0.28.0-45-g0d030f2227 (webtiles) character file.

Game seed: 12468937849200008745

16371 jimonade the Thaumaturge (level 11, 0/92 HPs)
             Began as a Demigod Ice Elementalist on Apr 8, 2022.
             Shot with an arrow by a centaur warrior (21 damage)
             ... on level 13 of the Dungeon.
             The game lasted 01:06:52 (18578 turns).

jimonade the Thaumaturge (DgIE)                    Turns: 18578, Time: 01:06:53

Health: 0/92       AC: 20    Str:  9    XL:     11   Next: 79%
Magic:  0/30       EV:  8    Int: 29    God:
Gold:   816        SH:  3    Dex: 14    Spells: 23/32 levels left

rFire   . . .      SeeInvis .   c - +3 whip
rCold   . . .      Faith    .   i - +0 buckler
rNeg    . . .      Spirit   +   V - +3 scale mail
rPois   .          Reflect  .   C - +2 hat
rElec   .          Harm     .   P - +0 cloak
rCorr   .          Rampage  .   e - +0 pair of gloves
Will    +....                   u - +0 pair of boots
Stlth   +.........              W - amulet of guardian spirit
HPRegen 0.25/turn               B - +4 ring of slaying
MPRegen 0.22/turn               N - ring of wizardry

@: ice-armoured, slowed, very slow
A: high MP 1, forlorn, divine attributes
a: no special abilities


You were on level 13 of the Dungeon.
You visited 2 branches of the dungeon, and saw 14 of its levels.

You collected 816 gold pieces.

Inventory:

Hand Weapons
 c - a +3 whip (weapon)
 j - a +2 dagger of electrocution
 n - a +0 shortbow
 y - a +2 vampiric spear
Missiles
 d - 274 stones
 h - 106 bolts
 k - 45 poisoned darts
 t - 55 sling bullets
 v - 5 atropa-tipped darts
 z - 236 arrows
 A - 6 boomerangs
 O - 3 silver javelins
Armour
 a - a +0 robe
 e - a +0 pair of gloves (worn)
 i - a +0 buckler (worn)
 m - a +0 ring mail
 u - a +0 pair of boots (worn)
 C - a +2 hat (worn)
 E - a +0 helmet
 H - a +3 chain mail
 P - a +0 cloak (worn)
 V - a +3 scale mail (worn)
 Y - a +0 troll leather armour
Jewellery
 B - a +4 ring of slaying (left hand)
 J - a ring of ice
 N - a ring of wizardry (right hand)
 W - an amulet of guardian spirit (around neck)
Wands
 b - a wand of polymorph (2)
 G - a wand of iceblast (5)
 I - a wand of flame (36)
 X - a wand of paralysis (5)
 Z - a wand of digging (5)
Scrolls
 f - 6 scrolls of amnesia
 g - a scroll of enchant weapon {unknown}
 l - 2 scrolls of enchant armour {unknown}
 r - 3 scrolls of fog
 s - 7 scrolls of teleportation
 x - a scroll of silence {unknown}
 K - 2 scrolls of fear {unknown}
 L - 2 scrolls of blinking
 M - 3 scrolls of magic mapping
 S - a scroll of summoning
 T - 4 scrolls of identify
 U - a scroll of brand weapon {unknown}
Potions
 o - a potion of brilliance {unknown}
 p - 2 potions of heal wounds
 q - 3 potions of lignification
 w - 4 potions of curing
 D - 3 potions of flight
 F - 2 potions of invisibility
 R - 4 potions of haste {unknown}


   Skills:
 * Level 7.0 Fighting
 + Level 4.3 Maces & Flails
 + Level 3.7 Armour
 + Level 3.5 Dodging
 - Level 1.7 Stealth
 * Level 11.1 Spellcasting
 + Level 8.8 Ice Magic
 + Level 1.5 Air Magic
 * Level 5.3 Poison Magic


You had 23 spell levels left.
You knew the following spells:

 Your Spells              Type           Power      Damage    Failure   Level
a - Freeze                Ice            100%       1d11      1%          1
b - Frozen Ramparts       Ice            100%       1d12      1%          3
c - Ozocubu's Armour      Ice            61%        N/A       1%          3
d - Poisonous Vapours     Pois/Air       72%        N/A       4%          2

Your spell library contained the following spells:

 Spells                   Type           Power      Damage    Failure   Level
 Sting                    Tmut/Pois      100%       1d8       4%          1
 Shock                    Conj/Air       80%        1d8       10%         1
 Animate Skeleton         Necr           32%        N/A       13%         1
 Apportation              Tloc           32%        N/A       13%         1
 Pain                     Necr           64%        1d7       13%         1
 Corpse Rot               Necr/Air       40%        N/A       16%         2
 Olgreb's Toxic Radiance  Pois           47%        N/A       16%         4
 Swiftness                Air            25%        N/A       21%         3
 Hailstorm                Conj/Ice       41%        3d10      21%         4
 Dazzling Flash           Conj/Hex       32%        N/A       36%         3
 Vampiric Draining        Necr           16%        2d7       36%         3
 Metabolic Englaciation   Hex/Ice        20%        N/A       50%         5
 Airstrike                Air            12%        N/A       54%         4
 Alistair's Intoxication  Tmut/Pois      20%        N/A       73%         5
 Dispel Undead            Necr           16%        3d10      75%         4
 Petrify                  Tmut/Erth      16%        N/A       75%         4
 Silence                  Hex/Air        10%        N/A       92%         5
 Agony                    Necr           16%        N/A       97%         5
 Summon Forest            Summ/Tloc      8%         N/A       97%         5
 Eringya's Noxious Bog    Tmut/Pois      15%        N/A       99%         6
 Death Channel            Necr           8%         N/A       100%        6
 Statue Form              Tmut/Erth      10%        N/A       100%        6
 Summon Hydra             Summ           8%         N/A       100%        7


Dungeon Overview and Level Annotations

Branches:
Dungeon (13/15)            Temple (1/1) D:5            Lair (0/6) D:9
    Orc (0/2) D:11
 Vaults: D:13-14

Shops:
D:2 *   D:3 (:

Annotations:
D:10 2 runed translucent doors, exclusion: orange crystal statue
D:11 3 runed translucent doors, Arctor's ghost, journeyman DrAE


Innate Abilities, Weirdness & Mutations

You have an increased reservoir of magic. (+10% MP)
You shall have no god before yourself.
Your divine heritage dramatically boosts your attributes as you level up.


Message History

The wraith resists.
The wall freezes the wraith.
The wraith hits you! The wraith drains your vigour!
You feel yourself slow down.
You hit the wraith.
The wraith is heavily damaged.
The wraith resists.
The wall freezes the wraith.
The wraith hits you but does no damage.
You hit the wraith.
The wraith is severely damaged.
The wraith resists.
The wall freezes the wraith.
The wraith hits you but does no damage.
You hit the wraith but do no damage.
The wraith is severely damaged.
The wraith resists.
The wall freezes the wraith.
You block the wraith's attack.
The wraith resists.
The wall freezes the wraith.
The wraith hits you. The wraith drains your vigour!
You feel as though you will be slow longer.
You whack the wraith!
You destroy the wraith!
Casting: Frozen Ramparts (safe; 1% risk of failure)
Confirm with . or Enter, or press ? or * to list all spells.
Aiming: Poisonous Vapours (safe; 4% risk of failure)
Press: ? - help, Dir - move target, f - centaur warrior
Aim: a centaur warrior, wielding a +0 shortbow and quivering arrows (heavily wounded, very poisoned) Poisonous vapours surround the centaur warrior!
The centaur warrior looks as sick as possible!
The centaur warrior shoots an arrow.
The arrow hits you!
The centaur warrior shoots an arrow.
The arrow hits you!
The frozen ramparts melt away.
The centaur warrior shoots an arrow.
The arrow hits you but does no damage.
The centaur warrior shoots an arrow.
The arrow hits you!
The centaur warrior shoots an arrow.
The arrow hits you!
* * * LOW HITPOINT WARNING * * *
The centaur warrior shoots an arrow.
The arrow hits you!
* * * LOW HITPOINT WARNING * * *
The centaur warrior shoots an arrow.
The arrow hits you!
* * * LOW HITPOINT WARNING * * *
You feel much better.
The centaur warrior shoots an arrow.
The arrow hits you!
* * * LOW HITPOINT WARNING * * *
The centaur warrior shoots an arrow.
The arrow hits you!!
You die...

#...#.# #...#.#
#...#.#
#+#######...#.# #
#...........#.#
######## #
#.........c.#.#
#.....<# #
#..cW.......#.#
#.####.# #
#...######)##.# #.#
#.# #
........#....@....#
#.# #.# #
W.......#.######..#
#.# #.# # ...$....#.#
#..# #.# #.# #
#########.#
#..###.####.# # #.#
#...........# # #.#
#......###### # #.#
############### #.#
#..............
#.######.#..##########


You could see a centaur warrior (very poisoned).

Vanquished Creatures
  A boulder beetle (D:9)
  A centaur warrior (D:13)
  4 two-headed ogres
  An ugly thing (D:12)
  A deep elf pyromancer (D:12)
  4 cyclopes
  An elephant (D:9)
  A gargoyle (D:12)
  3 unseen horrors
  3 trolls
  A wraith (D:13)
  12 yaks
  3 wyverns
  2 shadows
  Eustachio (D:5)
  3 basilisks
  Menkaure (D:4)
  A water moccasin (D:5)
  Duvessa (D:5)
  An acid dragon (D:12)
  3 ice beasts (D:7)
  4 orc warriors
  A necrophage (D:4)
  2 sky beasts
  2 black bears
  4 ogres
  A phantom (D:6)
  6 centaurs
  Blork the orc (D:6)
  3 kobold brigands
  2 bullfrogs
  A gnoll sergeant (D:12)
  5 scorpions
  2 wyvern zombies
  A water moccasin skeleton (D:6)
  Dowan (D:5)
  14 killer bees
  An electric eel (D:7)
  3 centaur zombies
  5 orc priests
  A bullfrog zombie (D:6)
  2 gnoll shamans
  4 hounds
  A bullfrog skeleton (D:6)
  2 centaur skeletons
  3 iguanas (D:5)
  A scorpion zombie (D:5)
  8 orc wizards
  A howler monkey zombie (D:7)
  8 gnolls
  5 adders
  2 shadow imps
  A white imp (D:6)
  4 worms
  A dart slug (D:1)
  31 orcs
  5 endoplasms
  3 giant cockroaches
  6 goblins
  2 hobgoblins
  6 jackals (D:1)
  13 kobolds
  2 quokkas
  2 ball pythons
  11 bats
  6 frilled lizards
  5 rats
244 creatures vanquished.

Vanquished Creatures (others)
  A fungus (D:9)
  30 plants (D:7)
31 creatures vanquished.

Grand Total: 275 creatures vanquished

Notes
Turn   | Place    | Note
-------+----------+-------------------------------------------
     0 | D:1      | jimonade the Demigod Ice Elementalist began the quest for
                  | the Orb.
     0 | D:1      | Reached XP level 1. HP: 14/14 MP: 5/5
   408 | D:1      | Reached skill level 2 in Spellcasting
   408 | D:1      | Reached XP level 2. HP: 17/22 MP: 2/7
  1166 | D:2      | Reached XP level 3. HP: 27/27 MP: 7/9
  1308 | D:2      | Reached skill level 1 in Fighting
  1361 | D:2      | Learned a level 3 spell: Frozen Ramparts
  1778 | D:2      | Found Cegrab's General Store.
  1916 | D:3      | Found Ciablaxi's Book Emporium.
  2288 | D:3      | Reached XP level 4. HP: 35/35 MP: 8/11
  2316 | D:3      | Found Teocsaec's Weapon Shop.
  2362 | D:3      | Identified the -3 helmet of the Spider Nest {Int+6}
  2449 | D:3      | Reached skill level 3 in Spellcasting
  3548 | D:4      | Reached XP level 5. HP: 31/40 MP: 7/13
  3559 | D:4      | Reached skill level 4 in Spellcasting
  3700 | D:4      | Learned a level 3 spell: Ozocubu's Armour
  3817 | D:4      | Noticed Menkaure
  3832 | D:4      | Killed Menkaure
  3833 | D:4      | Reached XP level 6. HP: 15/48 MP: 8/15
  4428 | D:5      | Entered Level 5 of the Dungeon
  4461 | D:4      | Reached skill level 5 in Ice Magic
  4553 | D:5      | Reached skill level 5 in Spellcasting
  4771 | D:5      | Reached XP level 7. HP: 42/55 MP: 12/18
  4847 | D:5      | Found a staircase to the Ecumenical Temple.
  4847 | D:5      | Noticed Eustachio
  4862 | D:5      | Killed Eustachio
  4866 | D:5      | Reached skill level 1 in Maces & Flails
  5112 | Temple   | Entered the Ecumenical Temple
  5668 | D:5      | Noticed Dowan
  5670 | D:5      | Reached skill level 6 in Spellcasting
  5670 | D:5      | Reached XP level 8. HP: 62/63 MP: 6/20
  5671 | D:5      | Noticed Duvessa
  5676 | D:5      | Killed Dowan
  5690 | D:5      | Killed Duvessa
  6908 | D:6      | Reached skill level 7 in Spellcasting
  7202 | D:6      | Noticed Blork the orc
  7226 | D:6      | Killed Blork the orc
  7977 | D:7      | Reached XP level 9. HP: 70/71 MP: 15/24
  9251 | D:7      | Reached skill level 1 in Poison Magic
  9458 | D:7      | Reached skill level 1 in Armour
  9458 | D:7      | Reached skill level 8 in Spellcasting
 10097 | D:8      | Reached skill level 5 in Fighting
 11220 | D:8      | Noticed a two-headed ogre
 11228 | D:8      | Killed a two-headed ogre
 11229 | D:8      | Reached XP level 10. HP: 81/81 MP: 15/27
 11656 | D:9      | Noticed a boulder beetle
 11706 | D:9      | Killed a boulder beetle
 11707 | D:9      | Reached skill level 9 in Spellcasting
 11931 | D:9      | Found a staircase to the Lair.
 12270 | D:9      | Noticed an elephant
 12316 | D:9      | Killed an elephant
 12419 | D:9      | Learned a level 2 spell: Poisonous Vapours
 12525 | D:9      | Noticed a two-headed ogre
 12533 | D:9      | Killed a two-headed ogre
 13553 | D:10     | Entered Level 10 of the Dungeon
 13553 | D:10     | Found a runed translucent door.
 13563 | D:10     | Found a runed translucent door.
 13577 | D:10     | Found a runed translucent door.
 13593 | D:10     | Found a runed translucent door.
 13628 | D:10     | Reached skill level 10 in Spellcasting
 13696 | D:10     | Noticed a cyclops
 13711 | D:10     | Killed a cyclops
 14288 | D:10     | Reached XP level 11. HP: 90/90 MP: 19/29
 14643 | D:10     | Noticed an orange crystal statue
 14912 | D:11     | Found a staircase to the Orcish Mines.
 15105 | D:11     | Noticed a two-headed ogre
 15114 | D:11     | Killed a two-headed ogre
 15532 | D:11     | Found a runed translucent gate.
 15532 | D:11     | Found a runed translucent gate.
 15532 | D:11     | Found a runed translucent gate.
 15532 | D:11     | Noticed Arctor's ghost (journeyman DrAE)
 15975 | D:11     | Identified the +7 halberd "Impiuhoq" {flame, Int+3 Dex+5}
 16325 | D:12     | Noticed a deep elf pyromancer
 16338 | D:12     | Killed a deep elf pyromancer
 16737 | D:12     | Reached skill level 1 in Air Magic
 16737 | D:12     | Reached skill level 5 in Poison Magic
 17509 | D:12     | Noticed a two-headed ogre
 17539 | D:12     | Killed a two-headed ogre
 18001 | D:13     | Reached skill level 11 in Spellcasting
 18211 | D:13     | Noticed a centaur warrior
 18223 | D:13     | Killed a centaur warrior
 18550 | D:13     | Noticed a centaur warrior
 18578 | D:13     | Shot with an arrow by a centaur warrior

Illustrated notes

Levels and vault maps discovered:
D:1:      giann_bridges, layout_basic
D:2:      layout_basic, basic_altar, serial_shops, nicolae_shop_behind_doors,
          serial_curves, eino_curves_01, eino_curves_04, due_unseen_surprise
D:3:      layout_loops_corners, mainiacjoe_overflow_catwalk_spiral,
          lemuel_crystal_altar, gammafunk_temple_overflow_statue, serial_shops,
          nicolae_shop_stone, shop_coins
D:4:      layout_basic, st_stairs_12, minmay_tree_intersection, uniq_menkaure
D:5:      layout_cave_pools, lemuel_crystal_altar,
          minmay_temple_entry_drinking_statues, uniq_duvessa, uniq_eustachio
D:6:      minmay_evil_eye, layout_basic, mainiacjoe_overflow_chevrons,
          uniq_blork_the_orc
D:7:      layout_basic, lemuel_round_altar, serial_bayou, serial_bayou_crossing,
          serial_bayou_pond_a, serial_bayou_shore_a, serial_bayou_lagoon_b
D:8:      layout_basic, regret_index_temple_of_mockery
D:9:      layout_loops_corners, mainiacjoe_overflow_brackets,
          david_lair_generic, roderic_roman_lattice, lemuel_flamethrower_2
D:10:     layout_roguey, grunt_temple_overflow_gold_and_silver, minivault_16,
          minmay_statue_crystal_thing
D:11:     layout_gridville, david_orc_3, portal_ice_cave_entry_pillars_1,
          gammafunk_ghost_nasty_kobolds, patterned_corridor
D:12:     layout_gridville, chequers_mini_garden
D:13:     kennysheep_blocky_room, layout_basic
Temple:   dpeg_three_leaves_temple

Skill      XL: |  1  2  3  4  5  6  7  8  9 10 11 |
---------------+----------------------------------+-----
Spellcasting   | 2 3 4 5 6 7 8 10 11 | 11.1
Ice Magic      | 4 5 6 7 8 |  8.8
Fighting       | 1 2 3 4 5 6 7 |  7.0
Dodging        | 2 3 |  3.5
Maces & Flails | 1 2 3 4 |  4.3
Poison Magic   | 2 4 5 |  5.3
Armour         | 1 2 3 |  3.7
Air Magic      | 1 |  1.5
Stealth        | |  1.7

Action                   |  1- 3 |  4- 6 |  7- 9 | 10-12 || total
-------------------------+-------+-------+-------+-------++-------
Melee: Whip              |    16 |    38 |   180 |   195 ||   429
       Punch             |       |     1 |     6 |     2 ||     9
Throw: Stone             |       |       |     1 |       ||     1
 Cast: Freeze            |    75 |    34 |    59 |     6 ||   174
       Frozen Ramparts   |     1 |    11 |    54 |    43 ||   109
       Ozocubu's Armour  |       |     3 |    36 |    41 ||    80
       Poisonous Vapours |       |       |       |    47 ||    47
  Use: Scroll            |       |       |     7 |     8 ||    15
       Potion            |       |       |     1 |     1 ||     2
 Stab: Sleeping          |     3 |       |       |       ||     3
Armor: Robe              |    20 |    24 |    38 |       ||    82
       Ring mail         |       |       |    75 |    62 ||   137
       Scale mail        |       |       |       |    93 ||    93
Dodge: Dodged            |    53 |    46 |   132 |   106 ||   337
Block: Buckler           |       |       |       |    12 ||    12
